cohdb
Replays
Latest Replays
All Replays
Popular Replays
Top Player Replays
Match Explorer
How It Works
Community
CoH3 Stats
Reddit
Sign in to upload your games and track your stats! →
Sign in with Steam
Match 38977828
Unlisted
Match 38977828
Overview
Messages
Build Orders
End
Pioneer Squad
Pioneer Squad
Pioneer Squad
Selects Breakthrough Battlegroup
Selects Assault Grenadiers
Pioneer Squad
Pioneer Squad
Construct Infanterie Kompanie
Construct Luftwaffe Kompanie
Flak 30 Anti-aircraft Gun Team
Flak 30 Anti-aircraft Gun Team
Flak 30 Anti-aircraft Gun Team
Jäger Squad
Medical Bunker
Support Elements
Selects Rapid Production
Wirbelwind Flakpanzer
Selects Rapid Production
Marder III M Tank Destroyer
Jäger Squad
Marder III M Tank Destroyer
2.0
stevomcmuffinman
0
0
Comments
sign in to comment!
No comments posted yet!